 Dungeon Crawl Stone Soup version 0.29.0-4-gdea44cf6ec (webtiles) character file.

Game seed: 10445984710324956916

33296 Smersh616 the Spry (level 13, -11/66 HPs)
             Began as a Felid Summoner on Aug 24, 2022.
             Was an Initiate of Gozag.
             Mangled by a shadow demon (14 damage)
             ... summoned by a deep elf demonologist
             ... on level 1 of the Elven Halls on Aug 27, 2022.
             The game lasted 07:41:10 (38041 turns).

Smersh616 the Spry (Felid Summoner)                Turns: 38041, Time: 07:41:10

Health: -11/66     AC:  3    Str:  4      XL:     13   Next: 36%
Magic:  12/28      EV: 47    Int: 24      God:    Gozag
Gold:   284        SH:  0    Dex: 29 (30) Spells: 8/32 levels left
                                        Lives:  0   Deaths: 2

rFire   . . .      SeeInvis +   (weapon unavailable)
rCold   + . .      Faith    .   (shield unavailable)
rNeg    . . .      Spirit   .   (body armour unavailable)
rPois   .          Reflect  .   (helmet unavailable)
rElec   +          Harm     .   (cloak unavailable)
rCorr   .          Rampage  .   (gloves unavailable)
Will    ++...      Clarity  +   (boots unavailable)
Stlth   ++++......              I - amulet of Contentment {Acrobat rElec Will+ Int+4 Dex+6}
HPRegen 0.21/turn               H - +4 ring of evasion
MPRegen 0.21/turn               s - +6 ring of dexterity

@: quick
A: very small, claws 1, fangs 3, see invisible, speed 1, shaggy fur 3, stealthy
paws, no weapons or thrown items, no armour, multi-lived, clarity
a: Renounce Religion, Potion Petition, Call Merchant, Bribe Branch


You were on level 1 of the Elven Halls.
You worshipped Gozag.
Gozag was aware of your devotion.
You visited 6 branches of the dungeon, and saw 23 of its levels.
You also visited: Bailey.

You collected 5456 gold pieces.
You spent 1677 gold pieces at shops.
You paid 3495 gold pieces to Gozag.

Inventory:

Jewellery
 m - a ring of protection from cold
 o - a ring of willpower
 s - a +6 ring of dexterity (right paw)
 A - a ring of flight
 F - the ring "Vuur" {Fire rPois Slay+3}
   (You found it on level 2 of the Lair of Beasts)

   [ring of fire]

   It enhances your fire magic.
   Slay:      It affects your accuracy & damage with ranged weapons and melee
   (+3).
   rF:        It protects you from fire.
   rC:        It makes you vulnerable to cold.
   rPois:     It protects you from poison.
 H - a +4 ring of evasion (left paw)
 I - the amulet of Contentment (around neck) {Acrobat rElec Will+ Int+4 Dex+6}
   (You bought it in a shop on level 1 of the Lair of Beasts)

   [amulet of the acrobat]

   It increases your evasion while moving and waiting.
   Int:       It affects your intelligence (+4).
   Dex:       It affects your dexterity (+6).
   rElec:     It insulates you from electricity.
   Will:      It increases your willpower.
Wands
 r - a wand of flame (3)
 y - a wand of paralysis (19)
 C - a wand of iceblast (4)
 E - a wand of polymorph (3)
Scrolls
 b - 10 scrolls of teleportation
 c - 3 scrolls of fog
 d - 4 scrolls of fear
 f - a scroll of amnesia
 l - 6 scrolls of magic mapping
 q - a scroll of immolation
Potions
 a - 5 potions of magic
 h - 4 potions of berserk rage
 i - 2 potions of resistance
 j - 3 potions of curing
 n - a potion of might
 u - a potion of lignification
 v - 2 potions of cancellation
 w - a potion of haste
 B - 3 potions of brilliance
 D - 3 potions of flight
 K - 4 potions of mutation
Miscellaneous
 t - a phantom mirror (inert)


   Skills:
 + Level 13.1 Fighting
 - Level 19.0 Dodging
 - Level 5.7 Stealth
 - Level 10.0 Spellcasting
 - Level 5.0 Conjurations
 + Level 6.6 Hexes
 - Level 10.0 Summonings
 + Level 9.9 Translocations
 + Level 3.0 Transmutations
 - Level 7.0 Air Magic


You had 8 spell levels left.
You knew the following spells:

 Your Spells              Type           Power      Damage    Failure   Level
a - Summon Small Mammal   Summ           100%       N/A       1%          1
b - Call Imp              Summ           56%        N/A       1%          2
c - Call Canine Familiar  Summ           56%        N/A       1%          3
d - Summon Guardian Gole  Hex/Summ       51%        N/A       1%          3
e - Summon Lightning Spi  Summ/Air       51%        N/A       1%          4
f - Dazzling Flash        Conj/Hex       78%        N/A       1%          3
g - Iskenderun's Mystic   Conj/Tloc      47%        2d10      2%          4
h - Cause Fear            Hex            21%        N/A       3%          4

Your spell library contained the following spells:

 Spells                   Type           Power      Damage    Failure   Level
 Blink                    Tloc           100%       N/A       1%          2
 Static Discharge         Conj/Air       40%        3-8/arc   1%          2
 Gell's Gravitas          Tloc           56%        N/A       1%          3
 Lesser Beckoning         Tloc           56%        N/A       1%          3
 Teleport Other           Tloc           56%        N/A       1%          3
 Manifold Assault         Tloc           56%        N/A       2%          5
 Passwall                 Tmut/Erth      15%        N/A       4%          2
 Sandblast                Erth           24%        2d8       5%          1
 Stone Arrow              Conj/Erth      48%        3d10      5%          3
 Ozocubu's Armour         Ice            12%        N/A       16%         3
 Sticky Flame             Conj/Fire      24%        2d5       19%         4
 Dispel Undead            Necr           12%        3d9       45%         4
 Alistair's Intoxication  Tmut/Pois      12%        N/A       61%         5
 Borgnjor's Vile Clutch   Necr/Erth      6%         N/A       82%         5
 Spellforged Servitor     Conj/Summ      24%        N/A       90%         7
 Starburst                Conj/Fire      12%        6d5       96%         6
 Eringya's Noxious Bog    Tmut/Pois      9%         N/A       99%         6
 Orb of Destruction       Conj           18%        9d8       99%         7
 Dragon Form              Tmut           13%        N/A       100%        7
 Ozocubu's Refrigeration  Ice            6%         4d8       100%        7
 Dragon's Call            Summ           28%        N/A       100%        9


Dungeon Overview and Level Annotations

Branches:
Dungeon (13/15)            Temple (1/1) D:7            Lair (5/5) D:10
 Shoals (0/4) Lair:2       Spider (1/4) Lair:3        Slime (0/5) Lair:5
    Orc (2/2) D:12            Elf (1/3) Orc:2        Bailey (visited)
 Vaults: D:13-14

Altars:
Ashenzari
Cheibriados
Dithmenos
Elyvilon
Fedhas
Gozag
Hepliaklqana
Kikubaaqudgha
Makhleb
Nemelex Xobeh
Okawaru
Qazlal
Ru
Sif Muna
Trog
Uskayaw
Vehumet
Wu Jian
Xom
Yredelemnul
Zin
The Shining One

Shops:
D:7 *   D:12 *   Orc:1 *   Orc:2 *:?=   Lair:1 =   Lair:4 ==

Annotations:
D:5 3 runed translucent doors, jamesp's ghost, novice DrCj


Innate Abilities, Weirdness & Mutations

You have sharp claws.
You have razor-sharp teeth.
You have supernaturally acute eyesight. (SInv)
You cover ground quickly. (Speed+)
Your thick and shaggy fur keeps you warm. (AC +3, rC+)
Your paws help you pounce on unaware monsters.
You are incapable of wielding weapons or throwing items.
You cannot wear armour.
You gain extra lives every three experience levels.
You possess an exceptional clarity of mind.


Message History

The deep elf demonologist casts a spell.
The boggart casts a spell.
The boggart blinks!
Casting: Summon Guardian Golem (safe; 1% risk of failure)
Confirm with . or Enter, or press ? or * to list all spells.
Casting: Cause Fear (dangerous; 3% risk of failure)
Press: ? - help, Dir - look around, f - activate The boggart looks frightened!
The deep elf archer resists with some effort.
The deep elf demonologist looks frightened!
The Ice Fiend is unaffected.
The deep elf archer looks frightened!
The sun demon looks frightened!
The Brimstone Fiend is unaffected.
The shadow demon resists with some effort.
The water elemental is unaffected.
The boggart mumbles some strange words.
The boggart flickers and vanishes for a moment.
The deep elf archer gestures wildly while chanting.
The deep elf archer blinks!
The deep elf archer is engulfed in poison gas.
The deep elf archer is poisoned.
The deep elf archer casts a spell.
The deep elf archer blinks!
You scratch the shadow demon. Your bite misses the shadow demon.
The shadow demon is lightly wounded.
The shadow demon completely misses you. The red devil completely misses you.
The boggart gestures wildly while chanting.
The boggart blinks!
You scratch the shadow demon but do no damage.
The shadow demon is lightly wounded.
Your wolf disappears in a puff of smoke!
The shadow demon completely misses you. The red devil misses you.
The Brimstone Fiend calls on the powers of darkness!
The deep elf demonologist convulses!
Your body is wracked with pain!
* * * LOW HITPOINT WARNING * * *
The deep elf archer convulses!
You scratch the shadow demon.
The shadow demon is lightly wounded.
The shadow demon hits you!
You die...
Your body crumbles into a pile of gold.

#... #.e.
#..'## #e##
##.## ##e##
##§##
##E#####+##
##@#.....##
##24.....##
#.11......#
#..§§☼...1#
+..§§§§§.5#
#..e§§.§.5#
#...§§§..5#
##.......##
##.....##


You could see a Brimstone Fiend (summoned), an Ice Fiend (summoned), a shadow
demon (summoned), a deep elf demonologist (fleeing), a deep elf archer
(summoned, repels missiles, poisoned), a water elemental (summoned), a deep elf
pyromancer (summoned), a deep elf zephyrmancer (summoned) and a red devil
(summoned).

Vanquished Creatures
  A dancing weapon (Orc:2)
  A blink frog (Lair:5)
  2 hogs (Spider:1)
  A wolf (Lair:5)
  A kobold brigand (D:8)
  A killer bee (D:9)
  An iguana (D:5)
  5 orcs
  A hobgoblin (D:3)
  A jackal (D:4)
  2 bats (D:3)
  A butterfly (Lair:1)
18 creatures vanquished.

Vanquished Creatures (collateral kills)
  Kirke (Lair:3)
  Josephine (D:9)
  3 hydras
  A centaur warrior (D:13)
  A two-headed ogre (D:11)
  A death yak (Lair:3)
  2 orc high priests (Orc:2)
  Amaemon (Lair:2)
  A lindwurm (Lair:2)
  2 orc knights (Orc:2)
  A deep elf pyromancer (D:12)
  An orc sorcerer (Orc:2)
  A cyclops (D:11)
  A black mamba (Lair:3)
  A manticore (Lair:2)
  4 elephants (Lair:4)
  Maurice (D:8)
  2 torpor snails
  5 cane toads
  The ghost of zenocrate the Trooper, a novice OpTm of Ru (D:6)
  3 rime drakes
  5 komodo dragons
  6 trolls
  2 polar bears
  4 hornets (Lair:5)
  A tarantella (Lair:3)
  14 blink frogs
  3 dream sheep (Lair:5)
  A jumping spider (Lair:3)
  10 spriggans
  5 wraiths (D:9)
  2 shadows
  4 wyverns
  A human (shapeshifter) (D:13)
  27 yaks
  2 basilisks (Lair:5)
  A redback (Lair:3)
  2 vampire mosquitoes (Lair:3)
  A warg (Orc:2)
  An acid dragon (D:10)
  8 water moccasins
  4 sky beasts
  2 ice beasts (D:5)
  15 orc warriors
  7 black bears
  5 ogres
  22 wolves
  2 boggarts (Lair:5)
  5 centaurs
  A phantom (D:6)
  A kobold brigand (D:7)
  A gnoll sergeant (D:9)
  A necrophage (D:8)
  15 bullfrogs
  4 scorpions
  A wight (D:7)
  6 killer bees
  An electric eel (Lair:1)
  A howler monkey (D:8)
  2 lava snakes (D:7)
  4 hounds
  3 jellies
  8 orc priests
  6 iguanas
  22 orc wizards
  Natasha (thrice) (D:3)
  3 hell rats (Lair:3)
  9 adders
  11 gnolls
  A white imp (D:8)
  An ufetubus (D:5)
  2 worms
  4 dart slugs
  85 orcs
  6 bats
  5 endoplasms
  2 giant cockroaches
  16 goblins
  8 hobgoblins
  7 jackals
  20 kobolds
  3 quokkas
  8 ball pythons
  5 frilled lizards
  7 rats
480 creatures vanquished.

Vanquished Creatures (others)
  Mlioglotl (Spider:1)
  An orc warlord (Orc:1)
  3 hydras
  3 boulder beetles
  Fannar (D:10)
  A radroach (Lair:3)
  Erica (D:11)
  3 two-headed ogres
  A centaur warrior (D:13)
  2 death yaks (Lair:3)
  An orc high priest (Orc:2)
  Sonja (D:9)
  A sun moth (Spider:1)
  A swamp dragon (Lair:3)
  Pikel (D:7)
  4 orc knights
  2 cyclopes (D:11)
  2 orc sorcerers (Orc:2)
  A manticore (D:12)
  A wolf spider (Spider:1)
  4 elephants
  4 black mambas
  An orange demon (Lair:2)
  A gargoyle (D:11)
  3 komodo dragons
  6 cane toads
  A demonic crawler (Lair:3)
  A troll (D:12)
  A wind drake (Lair:2)
  5 polar bears
  3 hornets
  A tarantella (Lair:3)
  A jumping spider (Spider:1)
  5 blink frogs
  4 culicivoras
  9 spriggans
  22 yaks
  A wyvern (D:11)
  2 hogs (Spider:1)
  2 redbacks
  Edmund (D:6)
  A steam dragon (Bailey)
  A water moccasin (D:7)
  6 orc warriors
  2 swamp drakes (Lair:3)
  2 black bears
  An ice beast (D:5)
  3 ogres
  A boggart (Lair:5)
  5 centaurs
  12 wolves
  A bullfrog (D:10)
  4 killer bees
  2 howler monkeys
  A gnoll bouda (D:6)
  3 orc priests
  3 hell rats (Lair:3)
  5 orc wizards
  4 gnolls (D:6)
  5 orcs
  4 kobolds
  73 fungi
  74 plants
  2 withered plants (D:6)
325 creatures vanquished.

Grand Total: 823 creatures vanquished

Notes
Turn   | Place    | Note
-------+----------+-------------------------------------------
     0 | D:1      | Smersh616 the Felid Summoner began the quest for the Orb.
     0 | D:1      | Reached XP level 1. HP: 7/7 MP: 4/4
   413 | D:1      | Reached XP level 2. HP: 11/11 MP: 1/6
   416 | D:1      | Learned a level 2 spell: Call Imp
  1339 | D:2      | Reached XP level 3. HP: 14/14 MP: 4/7
  1343 | D:2      | Learned a level 3 spell: Call Canine Familiar
  1944 | D:2      | Found a faded altar of an unknown god.
  2250 | D:3      | Reached XP level 4. HP: 18/18 MP: 1/9
  2387 | D:3      | Learned a level 3 spell: Summon Guardian Golem
  2532 | D:3      | Reached skill level 5 in Summonings
  2544 | D:3      | Found a glowing golden altar of the Shining One.
  2601 | D:3      | Reached skill level 3 in Dodging
  2603 | D:3      | Reached skill level 1 in Hexes
  2775 | D:3      | Noticed Natasha
  2786 | D:3      | Killed Natasha
  2787 | D:3      | Reached skill level 1 in Fighting
  2787 | D:3      | Reached XP level 5. HP: 22/22 MP: 7/10
  2908 | D:3      | Found a radiant altar of Vehumet.
  2960 | D:3      | Noticed Natasha
  2989 | D:3      | Killed Natasha
  3130 | D:3      | Noticed Natasha
  3139 | D:3      | Killed Natasha
  3611 | D:3      | Found a sparkling altar of Nemelex Xobeh.
  4108 | D:4      | Noticed an ogre
  4120 | D:4      | Killed an ogre
  4121 | D:4      | Reached skill level 4 in Dodging
  4121 | D:4      | Gained mutation: You are covered in thick fur. (AC +2)
                  | [Felid growth]
  4121 | D:4      | Reached XP level 6. HP: 26/26 MP: 10/12
  4434 | D:4      | Reached XP level 7. HP: 30/30 MP: 10/14
  4841 | D:4      | Gained mutation: You are weak. (Str -2) [potion of
                  | mutation]
  4841 | D:4      | Gained mutation: Your spells are a little easier to cast,
                  | but a little less powerful. [potion of mutation]
  4842 | D:4      | Lost mutation: Your spells are a little easier to cast, but
                  | a little less powerful. [potion of mutation]
  4842 | D:4      | Lost mutation: You are weak. (Str -2) [potion of mutation]
  4842 | D:4      | Gained mutation: You possess an exceptional clarity of
                  | mind. [potion of mutation]
  5498 | D:5      | Entered Level 5 of the Dungeon
  5805 | D:5      | Reached skill level 5 in Dodging
  6311 | D:5      | Found a runed translucent gate.
  6311 | D:5      | Found a runed translucent gate.
  6311 | D:5      | Found a runed translucent gate.
  6358 | D:5      | Reached skill level 5 in Hexes
  6398 | D:5      | Reached XP level 8. HP: 34/34 MP: 13/15
  6870 | D:5      | Reached skill level 6 in Dodging
  6904 | D:5      | Noticed jamesp's ghost (novice DrCj)
  7152 | D:5      | Upgraded the game from 0.29.0 to 0.29.0-3-gbb0933ed62
  7203 | D:6      | Reached skill level 5 in Spellcasting
  7626 | D:6      | Noticed Edmund
  7651 | D:6      | Killed Edmund
  7652 | D:6      | Reached skill level 1 in Air Magic
  7985 | D:6      | Reached skill level 7 in Dodging
  8119 | D:6      | Noticed a hornet
  8132 | D:6      | Killed a hornet
  8133 | D:6      | Reached skill level 5 in Fighting
  8133 | D:6      | Reached XP level 9. HP: 40/40 MP: 10/17
  8138 | D:6      | Learned a level 4 spell: Summon Lightning Spire
  8402 | D:6      | Found a broken altar of Ashenzari.
  8492 | D:6      | Found a runed translucent door.
  8492 | D:6      | Noticed zenocrate's ghost (novice OpTm)
  8664 | D:6      | Found a stormy altar of Qazlal.
  8951 | D:6      | Killed zenocrate's ghost
  9238 | D:7      | Found an ancient bone altar of Kikubaaqudgha.
  9258 | D:7      | You fall into a shaft and drop 1 floor!
  9526 | D:8      | Found a basalt altar of Yredelemnul.
  9560 | D:8      | Reached skill level 8 in Dodging
  9850 | D:8      | Found a flagged portal.
  9857 | Bailey   | Entered a bailey
  9943 | Bailey   | Reached skill level 5 in Air Magic
  9974 | Bailey   | Reached XP level 10. HP: 45/45 MP: 5/18
 10005 | Bailey   | Noticed a two-headed ogre
 10162 | Bailey   | HP: 2/46 [spriggan/+0 spear (14)]
 10310 | Bailey   | Killed a two-headed ogre
 10311 | Bailey   | Reached skill level 9 in Dodging
 10839 | D:8      | Noticed Maurice
 10864 | D:8      | Killed Maurice
 11059 | D:8      | Found a white marble altar of Elyvilon.
 11401 | D:7      | Found Pehosycw's Assorted Antiques.
 11430 | D:7      | Found a sacrificial altar of Ru.
 11728 | D:7      | Noticed Pikel
 11743 | D:7      | Killed Pikel
 11814 | D:7      | Reached skill level 10 in Dodging
 11949 | D:7      | Found a hide-covered altar of Uskayaw.
 12027 | D:7      | Found a staircase to the Ecumenical Temple.
 12032 | Temple   | Entered the Ecumenical Temple
 12722 | D:9      | Found a shimmering altar of Xom.
 12791 | D:9      | Reached XP level 11. HP: 50/50 MP: 16/21
 13414 | D:9      | Found an opulent altar of Gozag.
 13417 | D:9      | Became a worshipper of Gozag Ym Sagoz the Greedy
 13677 | D:10     | Entered Level 10 of the Dungeon
 13677 | D:10     | Noticed Sonja
 13692 | D:10     | Noticed Josephine
 13748 | D:9      | Killed Sonja
 14670 | D:9      | Killed Josephine
 14671 | D:9      | Reached skill level 11 in Dodging
 14804 | D:10     | Noticed a two-headed ogre
 14806 | D:10     | Noticed a two-headed ogre
 14831 | D:10     | Killed a two-headed ogre
 14832 | D:10     | Killed a two-headed ogre
 14833 | D:10     | Reached skill level 10 in Summonings
 14947 | D:10     | Found a staircase to the Lair.
 15266 | D:10     | Noticed Fannar
 15291 | D:10     | Killed Fannar
 15292 | D:10     | Reached skill level 12 in Dodging
 15834 | D:11     | Noticed a five-headed hydra
 15847 | D:11     | Killed a five-headed hydra
 15869 | D:11     | Gained mutation: Your thick and shaggy fur keeps you warm.
                  | (AC +3, rC+) [Felid growth]
 15869 | D:11     | Reached XP level 12. HP: 57/57 MP: 3/24
 16070 | D:11     | Noticed a two-headed ogre
 16078 | D:11     | Killed a two-headed ogre
 16154 | D:11     | Noticed Erica
 16173 | D:11     | Killed Erica
 16199 | D:11     | Reached skill level 13 in Dodging
 16287 | D:11     | Learned a level 3 spell: Dazzling Flash
 16466 | D:11     | Found a runed translucent door.
 16568 | D:11     | Reached skill level 1 in Conjurations
 17122 | Lair:1   | Entered Level 1 of the Lair of Beasts
 17769 | Lair:1   | You fall into a shaft and drop 1 floor!
 17876 | Lair:1   | Reached skill level 14 in Dodging
 19124 | Lair:2   | Identified the ring "Vuur" {Fire rPois Slay+3}
 19220 | Lair:2   | Reached skill level 10 in Fighting
 19649 | Lair:1   | Bought the amulet of Contentment {Acrobat rElec Will+ Int+4
                  | Dex+6} for 917 gold pieces
 19683 | Lair:2   | Found a staircase to the Shoals.
 20193 | Lair:2   | Noticed Amaemon
 20206 | Lair:2   | Killed Amaemon
 20554 | Lair:2   | Noticed a boulder beetle
 20590 | Lair:2   | Killed a boulder beetle
 20591 | Lair:2   | Reached skill level 15 in Dodging
 20735 | Lair:2   | Identified the +3 scale mail of Fuseck {+Inv rPois rCorr
                  | Str-3}
 20875 | Lair:2   | Noticed a four-headed hydra
 20890 | Lair:2   | Reached XP level 13. HP: 40/61 MP: 13/27
 22068 | Lair:3   | Upgraded the game from 0.29.0-3-gbb0933ed62 to
                  | 0.29.0-4-gdea44cf6ec
 22562 | Lair:3   | Reached skill level 16 in Dodging
 23098 | Lair:3   | Found a hole to the Spider Nest.
 23791 | Lair:4   | Reached skill level 5 in Conjurations
 24568 | Lair:4   | Reached skill level 17 in Dodging
 24573 | Lair:4   | Learned a level 4 spell: Iskenderun's Mystic Blast
 25093 | Lair:4   | Identified the +9 short sword of Causality {venom, +Blink
                  | rN++}
 25380 | Lair:5   | Entered Level 5 of the Lair of Beasts
 25430 | Lair:4   | Reached skill level 10 in Spellcasting
 25776 | Lair:4   | Reached skill level 1 in Translocations
 26506 | Lair:5   | Found a staircase to the Slime Pits.
 26598 | Lair:5   | Reached XP level 14. HP: 67/67 MP: 14/29
 27092 | Lair:5   | Reached skill level 18 in Dodging
 28037 | Lair:5   | Reached skill level 5 in Translocations
 30048 | D:12     | Reached skill level 19 in Dodging
 30171 | D:12     | Found a staircase to the Orcish Mines.
 31619 | Orc:1    | Entered Level 1 of the Orcish Mines
 32123 | Orc:1    | Found Meota's Assorted Antiques.
 32165 | Orc:1    | Bought a scroll of identify for 52 gold pieces
 32378 | Orc:2    | Entered Level 2 of the Orcish Mines
 32378 | Orc:2    | Noticed an orc warlord
 32482 | Orc:1    | Killed an orc warlord
 33568 | Orc:2    | Found a staircase to the Elven Halls.
 33888 | Orc:2    | Reached skill level 5 in Stealth
 34497 | Orc:2    | Found Tahabaw's Book Shoppe.
 34497 | Orc:2    | Found Qeher's General Store.
 34499 | Orc:2    | Found Addy's Jewellery Shoppe.
 34499 | Orc:2    | Found Moaddes's Magic Scroll Shop.
 34510 | Orc:2    | Bought a potion of invisibility for 88 gold pieces
 34510 | Orc:2    | Bought a scroll of identify for 22 gold pieces
 34516 | Orc:2    | Bought a book of the Dragon for 598 gold pieces
 34521 | Orc:2    | Learned a level 4 spell: Cause Fear
 35221 | Elf:1    | Entered Level 1 of the Elven Halls
 35266 | Elf:1    | Noticed a reaper
 35283 | Orc:2    | Slain by a +1 mace of protection
 35284 | Orc:2    | Reached XP level 13. HP: -1/65 MP: 25/28
 35460 | D:13     | Reached skill level 1 in Transmutations
 35465 | D:13     | Shot with an arrow by a centaur warrior
 35466 | D:13     | Reached XP level 12. HP: -7/61 MP: 8/27
 35484 | D:13     | Noticed a tengu warrior
 35488 | D:13     | Noticed a centaur warrior
 35750 | Spider:1 | Entered Level 1 of the Spider Nest
 35759 | Spider:1 | Noticed Kirke
 35763 | Spider:1 | Noticed Mlioglotl
 35765 | Spider:1 | Reached XP level 13. HP: 65/65 MP: 14/28
 35788 | Lair:3   | Killed Kirke
 35940 | Spider:1 | Killed Mlioglotl
 37375 | Spider:1 | Noticed a ghost moth
 38016 | Elf:1    | Noticed a Brimstone Fiend
 38027 | Elf:1    | Noticed an Ice Fiend
 38040 | Elf:1    | HP: 3/66 [???[a deep elf demonologist] (1)]
 38041 | Elf:1    | Mangled by a shadow demon

Illustrated notes

Levels and vault maps discovered:
D:1:      dpeg_arrival_three_smaller_balls, layout_loops_cross, st_stairs_7
D:2:      layout_loops_ring, serial_aquarium, aquarium_bridge_square
          [aquarium_subvault_window, aquarium_subvault_bridge,
          aquarium_subvault_window, aquarium_subvault_bridge],
          aquarium_window_corner, aquarium_window_1, aquarium_window_corner,
          aquarium_window_fake, aquarium_view_2b, aquarium_balcony_3a,
          aquarium_pool_side, ebering_ecumenical_altar_box,
          roderic_serpentine_path
D:3:      corexii_shack_village, layout_basic, mainiacjoe_overflow_paths,
          nicolae_tso_swordbearing_angel, nemelex_dance_club_becter,
          st_stairs_7, uniq_natasha
D:4:      layout_cave_pods, ebering_dispersal_statue_hall,
          minmay_misc_feat_diagonals
D:5:      layout_loops_ring, gammafunk_ghost_icy
D:6:      layout_basic, mainiacjoe_overflow_surrounded_room,
          nicolae_qazlal_style_of_elements, gammafunk_ghost_grave, uniq_edmund
D:7:      layout_rooms, mainiacjoe_overflow_cross_hatched,
          nicolae_uskayaw_suspiria, mainiacjoe_overflow_brackets,
          minmay_temple_entry_arrows, serial_shops, nicolae_lakefront_shop,
          minmay_misc_feat_hallway, kennysheep_small_circle, uniq_pikel
D:8:      layout_basic, kennysheep_ying_yang, enter_bailey_3, uniq_maurice
D:9:      layout_irregular_city, kennysheep_mini,
          mainiacjoe_overflow_tiny_flanked
D:10:     layout_cave_pools, due_lair_maze_entry_diamond,
          kennysheep_generic_room_8, uniq_fannar, uniq_josephine, uniq_sonja
D:11:     layout_cave_pools, lightli_church_of_beogh, uniq_erica
D:12:     layout_irregular_city, david_orc_4
D:13:     layout_cave_pools
Temple:   compressed_dpeg_circular_temple
Lair:1:   layout_layer_cave, serial_forest, infiniplex_forest_lined_room_2,
          infiniplex_forest_lined_2, infiniplex_forest_lined_2,
          infiniplex_forest_lined_2, infiniplex_forest_lined_corner,
          infiniplex_forest_straight_4, lemuel_fruit_fields,
          infiniplex_staircase_pool
Lair:2:   layout_cave_pods, minmay_shoals_entry_beasts,
          nicolae_volcano_entry_two_sided, grunt_forest_large_clearing_hut,
          serial_bayou_shore_b, grunt_megastairs_5, uniq_amaemon
Lair:3:   layout_hall_layers, hellmonk_spider_entry_life_and_decay, pond
Lair:4:   layout_hall_layers
Lair:5:   minmay_lair_end_enchanted_forest, layout_long_grid, slime_entry_1
Spider:1: layout_spider_delve, hangedman_spider_tarantella_strand, uniq_kirke,
          uniq_mlioglotl
Orc:1:    layout_caves, serial_shops, shop, mines2_david
Orc:2:    grunt_orc_tribal_feast, layout_caves
Elf:1:    kennysheep_blocky_hall, layout_geoelf_grid, serial_shops,
          nicolae_shop_trees, hangedman_elf_disciples, uniq_roxanne

Skill      XL: |  1  2  3  4  5  6  7  8  9 10 11 12 13 14 |
---------------+-------------------------------------------+-----
Spellcasting   | 3 4 5 6 7 9 10 | 10.0
Summonings     | 5 6 7 8 9 10 | 10.0
Dodging        | 3 4 5 7 8 10 12 15 17 19 | 19.0
Hexes          | 1 2 3 5 6 |  6.6
Fighting       | 1 2 3 5 6 7 9 10 13 12 | 13.1
Air Magic      | 2 5 6 7 |  7.0
Conjurations   | 3 5 |  5.0
Translocations | 2 9 |  9.9
Stealth        | 5 |  5.7
Transmutations | 3 |  3.0

Action                   |  1- 3 |  4- 6 |  7- 9 | 10-12 | 13-15 || total
-------------------------+-------+-------+-------+-------+-------++-------
Melee: Unarmed           |     2 |    21 |    29 |    25 |    59 ||   136
       Bite              |       |     2 |     2 |     2 |     9 ||    15
       Punch             |       |       |       |     2 |       ||     2
 Cast: Summon Small Mamm |    24 |    11 |    44 |    22 |    34 ||   135
       Call Imp          |    11 |    15 |    24 |    23 |    29 ||   102
       Call Canine Famil |     6 |    20 |    68 |    78 |   134 ||   306
       Summon Guardian G |       |       |    38 |   105 |   182 ||   325
       Summon Lightning  |       |       |       |    37 |    87 ||   124
       Dazzling Flash    |       |       |       |     1 |     7 ||     8
       Cause Fear        |       |       |       |       |     1 ||     1
       Iskenderun's Myst |       |       |       |       |     1 ||     1
Invok: Call Merchant     |       |       |       |     1 |     3 ||     4
Evoke: Wand              |       |       |     4 |    11 |    25 ||    40
       Phantom mirror    |       |       |       |       |     1 ||     1
  Use: Scroll            |     6 |     2 |     1 |     9 |    21 ||    39
       Potion            |       |       |     2 |     4 |    11 ||    17
 Stab: Distracted        |       |       |     1 |     2 |     1 ||     4
       Invisible         |       |       |       |       |     4 ||     4
Armor: Skin              |     3 |     3 |     3 |     7 |     9 ||    25
Dodge: Dodged            |    15 |    30 |    71 |   404 |   753 ||  1273
